 Dungeon Crawl Stone Soup version bcrawl-1.41.1 (webtiles) character file.

Game seed: 5580969876300855871

347229 TheWayOfAllFlesh the Carver (level 10, -6/64 HPs)
             Began as a Mana Stalker Berserker on Apr 22, 2024.
             Was a High Priest of Trog.
             Mangled by a warg (12 damage)
             ... on level 7 of the Dungeon.
             The game lasted 00:18:26 (6661 turns).

TheWayOfAllFlesh the Carver (VSBe)                  Turns: 6661, Time: 00:18:27

Health: -6/64      AC: 11    Str: 23    XL:     10   Next: 35%
Magic:  5/5        EV:  9    Int: 14    God:    Trog [*****.]
Gold:   191        SH:  3    Dex: 14    Spells: 9/9 levels left

rFire    . . .     GDR:     27% a - +1 scimitar (antimagic)
rCold    . . .     SeeInvis .   (no shield)
rNeg     . . .     Gourm    .   k - +0 chain mail
rPois    +         Faith    .   m - +1 helmet
rElec    .         Spirit   .   (no cloak)
rCorr    .         Reflect  .   s - +0 pair of gloves
MR       ++...                  (no boots)
Stlth    ..........             b - amulet of magic regeneration
HPRegen  1.90/turn              c - ring of poison resistance
MPRegen  0.31/turn              j - +7 ring of intelligence

@: regenerating, slowed, very slow
A: fangs 3, magic resistance 1, regeneration 1, antimagic bite, no potion heal
3, rot immunity, strong jaws
a: Berserk, Trog's Hand, Brothers in Arms, Renounce Religion


You were on level 7 of the Dungeon.
You worshipped Trog.
Trog was extremely pleased with you.
You were hungry.

You visited 2 branches of the dungeon, and saw 8 of its levels.
You also visited: Sewer and Ossuary.

You collected 444 gold pieces.
You spent 253 gold pieces at shops.

Inventory:

Hand Weapons
 a - a +1 antimagic scimitar (weapon)
 D - a +1 falchion
Armour
 k - a +0 chain mail (worn)
 m - a +1 helmet (worn)
 s - a +0 pair of gloves (worn)
Jewellery
 b - an amulet of magic regeneration (around neck)
 c - a ring of poison resistance (left hand)
 j - a +7 ring of intelligence (right hand)
Wands
 C - a wand of clouds (4)
Scrolls
 g - a scroll of fear
 h - 7 scrolls of remove curse
 p - 3 scrolls of enchant weapon
 r - 8 scrolls of teleportation
 y - 3 scrolls of fog
 z - 4 scrolls of revelation
 A - 4 scrolls of blinking
Potions
 d - 3 potions of brilliance
 f - a potion of mutation {unknown}
 l - 3 potions of curing {unknown}
 n - 2 potions of cancellation
 o - 2 potions of lignification
 q - 2 potions of invisibility {unknown}
 t - 3 potions of might
 u - a potion of resistance {unknown}
 v - 3 potions of magic {unknown}
 w - 3 potions of agility
 B - a potion of flight {unknown}
 F - a potion of haste {unknown}
Comestibles
 e - 11 rations {!d}


   Skills:
 + Level 8.3 Fighting
 + Level 11.3 Long Blades
 - Level 1.5 Armour
 - Level 2.1 Dodging


You had 9 spell levels left.
You didn't know any spells.
Your spell library was empty.

Dungeon Overview and Level Annotations

Branches:
Dungeon (7/12)             Temple (1/1) D:6
   Lair: D:7-9

Altars:
Ashenzari
Dithmenos
Hepliaklqana
Lugonu
Qazlal
Ru
Sif Muna
Trog
Vehumet
Wu Jian
Xom
Yredelemnul
Zin
The Shining One

Shops:
D:5 ?(::   D:6 (

Annotations:
D:5 5 runed doors
D:7 Prince Ribbit


Innate Abilities, Weirdness & Mutations

You have razor-sharp teeth.
You are resistant to hostile enchantments. (MR+)
Your natural rate of healing is unusually fast.
Your bite disrupts and absorbs the magic of your enemies.
Potions cannot restore your health.
You are immune to rotting.
Your bites deal extra damage.


Message History

You hit the warg but do no damage. Your bite misses the warg.
The warg is heavily wounded.
The warg bites you.
* * * LOW HITPOINT WARNING * * *
The warg bites you!
* * * LOW HITPOINT WARNING * * *
You closely miss the warg.
The warg is heavily wounded.
You block the warg's attack.
Your skin crawls, and Trog's vigour flows through you.
You feel somewhat more hungry. The warg barely misses you. The warg bites you!
* * * LOW HITPOINT WARNING * * *
Evoke which item? (* to show all) (? for menu, Esc to quit)
Aiming: Cloud Cone
Press: ? - help, Dir - move target cursor, f - orc priest
Aim: an orc priest, wielding a +0 club You create a blast of noxious fumes!
Prince Ribbit gives a loud, deep croak!
The warg bites you!
You die...

#.......# ..... #.......# .....
#.......# #..## #>......+
#...###########..#
#...#..#..#####..# ######
+.....('....'..... .....#
#......#....#..... .....# #
#@.###'########..#
.)..##.##########h###†########..#
.............o...o§§.[..#........
.................F§§§...#.......#
..................§§§...#.......#
..F.##...##..##....##...#........
....# ...##. #....##...#######+#
.h... ..#. #..........# ...... .#
#............


You could see Prince Ribbit, a warg and an orc priest.

Vanquished Creatures
  An ugly thing (D:7)
  A hippogriff (D:6)
  A yak (D:5)
  A steam dragon (D:7)
  A hungry ghost (D:4)
  2 wargs (D:7)
  Menkaure (D:5)
  2 ice beasts
  A necrophage (D:6)
  A phantom (D:5)
  An ogre (D:5)
  4 bullfrogs
  Blork the orc (D:5)
  A kobold brigand (D:7)
  6 centaurs
  A water moccasin skeleton (D:6)
  4 orc priests
  2 crimson imps (D:4)
  7 hounds
  2 bullfrog skeletons
  3 gnoll shamans (D:5)
  Jessica (D:2)
  3 iguanas
  4 orc wizards
  4 worker ants
  A killer bee zombie (D:6)
  A kobold zombie (Ossuary)
  A hound zombie (Ossuary)
  3 mummies
  A hound skeleton (D:7)
  A worker ant zombie (D:3)
  Robin (D:2)
  29 gnolls (D:5)
  13 adders
  6 river rats (Sewer)
  A shadow imp (D:5)
  An ooze (D:3)
  3 adder zombies
  2 adder skeletons (D:4)
  7 worms
  2 dart slugs
  11 leopard geckos
  17 orcs
  3 bats
  7 giant cockroaches
  18 goblins
  13 hobgoblins
  25 jackals
  4 quokkas
  8 ball pythons
  6 frilled lizards
  A jackal skeleton (D:4)
  17 kobolds
  A quokka zombie (D:3)
  29 rats
289 creatures vanquished.

Vanquished Creatures (collateral kills)
  An elf zombie (Ossuary)
  2 mummies (Ossuary)
  3 adder zombies (Ossuary)
  A hobgoblin zombie (Ossuary)
  2 kobold zombies (Ossuary)
  2 orc zombies (Ossuary)
11 creatures vanquished.

Vanquished Creatures (others)
  A centaur (D:6)
  An orc wizard (D:6)
  An orc (D:6)
3 creatures vanquished.

Grand Total: 303 creatures vanquished

Notes
Turn   | Place    | Note
-------+----------+-------------------------------------------
     0 | D:1      | TheWayOfAllFlesh the Vine Stalker Berserker began the quest
                  | for the Orb.
     0 | D:1      | Reached XP level 1. HP: 13/13 MP: 2/2
    88 | D:1      | Reached skill level 3 in Long Blades
   111 | D:1      | Reached XP level 2. HP: 13/18 MP: 3/3
   374 | D:1      | Reached XP level 3. HP: 21/22 MP: 4/4
   518 | D:1      | Reached ** piety under Trog
   530 | D:1      | Reached skill level 4 in Long Blades
  1015 | D:2      | Noticed Jessica
  1037 | D:2      | Killed Jessica
  1038 | D:2      | Reached XP level 4. HP: 26/27 MP: 5/5
  1063 | D:2      | Found a glowing silver altar of Zin.
  1064 | D:2      | Found a basalt altar of Yredelemnul.
  1308 | D:2      | Noticed Robin
  1316 | D:2      | Killed Robin
  1317 | D:2      | Reached skill level 5 in Long Blades
  1403 | D:2      | Reached XP level 5. HP: 27/31 MP: 6/6
  1530 | D:2      | Reached *** piety under Trog
  2561 | D:3      | Gained mutation: You have razor-sharp teeth. [Vine Stalker
                  | growth]
  2561 | D:3      | Reached XP level 6. HP: 25/36 MP: 7/7
  2564 | D:3      | Reached **** piety under Trog
  2565 | D:3      | Reached skill level 6 in Long Blades
  2857 | D:4      | Found a sand-covered staircase.
  2875 | Ossuary  | Entered an ossuary
  2928 | Ossuary  | Reached skill level 7 in Long Blades
  2928 | Ossuary  | Reached XP level 7. HP: 23/40 MP: 8/8
  3113 | D:4      | Noticed a hungry ghost
  3128 | D:4      | Killed a hungry ghost
  3210 | D:4      | Reached skill level 8 in Long Blades
  3656 | D:4      | Gained mutation: Your bite disrupts and absorbs the magic
                  | of your enemies. [Mana Stalker growth]
  3656 | D:4      | Gained mutation: You are resistant to hostile enchantments.
                  | (MR+) [Mana Stalker growth]
  3656 | D:4      | Reached XP level 8. HP: 46/46 MP: 8/9
  3890 | D:5      | Entered Level 5 of the Dungeon
  3930 | D:5      | Noticed a yak
  3951 | D:5      | Killed a yak
  3988 | D:5      | Found the +9 staff of Olgreb {+Poison rPois}
  3989 | D:5      | Found a runed gate.
  3990 | D:5      | Found a runed door.
  4015 | D:5      | Noticed Blork the orc
  4017 | D:5      | Found Jeures's Book Shop.
  4025 | D:5      | Killed Blork the orc
  4099 | D:5      | Found Cebeg's Antique Weapon Boutique.
  4179 | D:5      | Found Fiawabo's Magic Scroll Emporium.
  4187 | D:5      | Bought a scroll of teleportation for 39 gold pieces
  4187 | D:5      | Bought a scroll of identify for 26 gold pieces
  4187 | D:5      | Bought a scroll of blinking for 97 gold pieces
  4187 | D:5      | Bought a scroll of fear for 65 gold pieces
  4187 | D:5      | Bought a scroll of fog for 26 gold pieces
  4214 | D:5      | Reached skill level 9 in Long Blades
  4240 | D:5      | Noticed Menkaure
  4253 | D:5      | Killed Menkaure
  4470 | D:5      | Found Limur's Book Boutique.
  4554 | D:5      | Reached ***** piety under Trog
  4555 | D:5      | Reached skill level 5 in Fighting
  4634 | D:5      | Reached XP level 9. HP: 54/54 MP: 10/10
  5019 | D:5      | Found a runed gate.
  5020 | D:5      | Found a runed door.
  5061 | D:5      | Found a runed gate.
  5162 | D:6      | Found Fegut's Weapon Boutique.
  5222 | D:6      | Found a glowing drain.
  5246 | Sewer    | Entered a sewer
  5357 | Sewer    | Received a gift from Trog
  5383 | Sewer    | Reached skill level 10 in Long Blades
  6177 | D:6      | Reached XP level 10. HP: 63/63 MP: 5/11
  6285 | D:6      | Found a staircase to the Ecumenical Temple.
  6294 | Temple   | Entered the Ecumenical Temple
  6410 | D:7      | Noticed Prince Ribbit
  6419 | D:7      | HP: 2/63 [warg (9)]
  6505 | D:7      | Noticed a red ugly thing
  6512 | D:7      | Killed a red ugly thing
  6513 | D:7      | Reached skill level 11 in Long Blades
  6661 | D:7      | Mangled by a warg

Skill      XL: |  1  2  3  4  5  6  7  8  9 10 |
---------------+-------------------------------+-----
Long Blades    | 3 4 5 7 8 9 10 11 | 11.3
Fighting       | 3 5 7 8 |  8.3
Armour         | |  1.5
Dodging        | |  2.1

Action                   |  1- 3 |  4- 6 |  7- 9 | 10-12 || total
-------------------------+-------+-------+-------+-------++-------
Melee: Falchion          |   100 |   249 |   396 |       ||   745
       Bite              |     9 |    26 |    95 |    14 ||   144
       Scimitar          |       |       |   130 |    56 ||   186
Invok: Trog's Hand       |       |     1 |       |     2 ||     3
       Brothers in Arms  |       |     1 |       |       ||     1
       Berserk           |       |       |     8 |     3 ||    11
Evoke: Wand              |       |       |       |     1 ||     1
  Use: Scroll            |       |     1 |    16 |     2 ||    19
  Eat: Chunk             |     3 |    11 |    28 |     1 ||    43
       Ration            |       |       |     1 |     1 ||     2
Armor: Animal skin       |    20 |       |       |       ||    20
       Chain mail        |     5 |   118 |   203 |    20 ||   346
Dodge: Dodged            |    48 |   109 |   215 |    22 ||   394
Block: Other             |     1 |    10 |    43 |    10 ||    64
